Unix NetHack Version 5.0.0-0 post-release - last build May 31 2026 23:59:36 (970b52f25bf058293b47ddfd14a1e40e571c508c,branch:main).

Game began 2026-06-01 19:16:50, ended 2026-06-01 19:28:39.

ArrBianca, chaotic female elven Priestess

                                 ------------     ---------------
                                 |..........|     |.%...........|
                                 |...|......-#####....`.....[...|
                                 |..........|     -------|-|-----
                                 |*.........|            # #
                                 |..........|            # #
                                 |..........|            # ##
                                 ------------            #   #
                                                         #   ###
                                                         #     #
                                                      ---.-----.---
                                                      |......(...@|
                                                      |...........oo
                                                      |........`..|
                                                      -------------

ArrBianca the Acolyte        St:13 Dx:15 Co:14 In:9 Wi:17 Ch:9  Chaotic
Dlvl:9  $:189 HP:0(30) Pw:63(84) AC:7  Xp:5 T:1854 

Latest messages:
 The gold golem hits!
 The gold golem hits again!
 You hit the gold golem!
 The gold golem hits!
 The gold golem hits again!
 You hit the gold golem!
 The gold golem hits!
 The gold golem hits again!
 You hit the gold golem!
 The gold golem hits!
 The gold golem hits again!
 What do you want to drink? [dprwC or ?*]
 You feel better.
 You hit the gold golem!
 You hit the gold golem!
 The gold golem turns to flee.
 You hit the gold golem!
 Something is written here in the dust.
 You read: "a  w?s    c".
 You hit the gold golem!
 You hit the gold golem!
 You hit the gold golem!
 You miss the gold golem.
 You destroy the gold golem!
 $ - 152 gold pieces (189 in total).
 Where do you want to travel to?
 (For instructions type a '?')
 You hear a door open.
 Something is written here in the dust.
 You read: "?  w??    ?".
 Where do you want to travel to?
 (For instructions type a '?')
 The hill orc hits!
 You hit the hill orc.
 The hill orc hits!
 You hit the hill orc!
 The hill orc hits!
 You kill the hill orc!
 You hit the hill orc.
 The hill orc wields a curved sword!
 You kill the hill orc!
 The hill orc wields a curved sword!
 You hit the hill orc!
 The hill orc swings her curved sword.
 The hill orc hits!
 You hit the hill orc!
 The hill orc swings her curved sword.
 The hill orc hits!
 You die...
 Do you want your possessions identified? [ynq] (y)

Inventory:
 Coins    ('$')
  $ - 189 gold pieces
 Weapons  (')')
  a - a blessed +1 mace (weapon in left hand)
 Comestibles  ('%')
  e - 2 cloves of garlic
  F - a food ration
  G - a pancake
  u - a blessed homemade tin of brown mold
  E - a blessed homemade tin of dwarf meat
  z - 4 blessed homemade tins of jackal meat
  B - a blessed homemade tin of kobold leader meat
  y - a blessed homemade tin of orc meat
  v - a blessed homemade tin of yellow mold
  J - a lichen corpse
 Tools    ('(')
  i - a leather drum
  j - a blindfold
  f - a blessed tinning kit (0:44) (at the ready)
 Scrolls  ('?')
  I - a blessed scroll of identify
  H - a scroll of identify
 Potions  ('!')
  p - a potion of monster detection
  r - a potion of oil
  d - 2 potions of holy water
  C - a potion of unholy water
 Armor    ('[')
  c - a +0 small shield (being worn)
  b - a +0 robe (being worn)
 Spellbooks  ('+')
  h - a spellbook of clairvoyance
  g - a spellbook of light

ArrBianca the Priestess's attributes:

Background:
 You were an Acolyte, a level 5 elven Priestess.
 You were chaotic, on a mission for Poseidon
 who was opposed by Athena (lawful) and Hermes (neutral).
 You were left-handed.
 You were in the Dungeons of Doom, on level 9.
 You entered the dungeon 1854 turns ago.
 There was a full moon in effect when your adventure ended.
 You had 290 experience points, 30 more were needed to attain level 6.

Basics:
 You had 0 out of 30 hit points.
 You had 63 out of 84 energy points (spell power).
 Your armor class was 7.
 Your wallet contained 189 zorkmids.
 Autopickup was on for '$?!/="+%' plus thrown, with exceptions.

Final Characteristics:
 Your strength was 13 (limit:18).
 Your dexterity was 15 (limit:18).
 Your constitution was 14 (limit:16).
 Your intelligence was 9 (limit:20).
 Your wisdom was 17 (limit:20).
 Your charisma was 9 (limit:18).

Final Status:
 You weren't hungry.
 You were unencumbered.
 You were wielding a mace.
 You were skilled in mace.

Final Attributes:
 You were devoutly aligned.
 You were sleep resistant.
 You had infravision.
 You were guarded.
 Your spell casting was enhanced by wearing a robe.
 You were lucky.
 You are dead.

Miscellaneous:
 You didn't encounter any bones levels.
 Total elapsed playing time was 10 minutes and 39 seconds.

Major events:
 Turn
    1: ArrBianca the chaotic elven Priestess entered the dungeon
  613: attained the rank of Acolyte (level 3)
 1854: killed by a hill orc

Spells:
 Name                 Level Category     Fail Retention
 light                  1   clerical       0%  91%-100%
 clairvoyance           3   divination    84%  76%-100%

Skills:
 Fighting Skills
   bare handed combat [Unskilled]
 Weapon Skills
   club               [Unskilled]
   mace               [Skilled]
   morning star       [Unskilled]
   flail              [Unskilled]
   hammer             [Unskilled]
   quarterstaff       [Unskilled]
   polearms           [Unskilled]
   spear              [Unskilled]
   trident            [Unskilled]
   lance              [Unskilled]
   bow                [Unskilled]
   sling              [Unskilled]
   crossbow           [Unskilled]
   dart               [Unskilled]
   shuriken           [Unskilled]
   boomerang          [Unskilled]
   unicorn horn       [Unskilled]
 Spellcasting Skills
   healing spells     [Unskilled]
   divination spells  [Unskilled]
   clerical spells    [Basic]

Voluntary challenges:
 Character rerolling was not enabled.
 You never genocided any monsters.
 You never polymorphed an object.
 You never changed form.
 You used no wishes.
Achievements:
 You attained the rank of Acolyte.
 You entered a shop.

 The Dungeons of Doom: levels 1 to 9
    Level 1:
       A fountain.
    Level 2:
    Level 3:
       A vegetarian food shop.
    Level 4:
       Many trees.
    Level 5:
       A general store.
    Level 9: <- You were here.
       A grave.
       Final resting place for
          you, killed by a hill orc.


Vanquished creatures:
  a gold golem
  3 human zombies
  a rock piercer
  a shrieker
 an elf zombie
  a dwarf
  a kobold leader
  3 hill orcs
  a monkey
  2 orc zombies
  a dwarf zombie
  2 werejackals
  3 coyotes
  2 cave spiders
  a brown mold
  a yellow mold
  a red mold
  a garter snake
  7 jackals
  2 foxes
  2 kobolds
  2 goblins
  a grid bug
  4 lichens
  6 newts
51 creatures vanquished.

No species were genocided or became extinct.

Game over:
                       ----------
                      /          \
                     /    REST    \
                    /      IN      \
                   /     PEACE      \
                  /                  \
                  |    ArrBianca     |
                  |      189 Au      |
                  | killed by a hill |
                  |       orc        |
                  |                  |
                  |                  |
                  |       2026       |
                 *|     *  *  *      | *
        _________)/\\_//(\/(/\)/\//\/|_)_______

Goodbye ArrBianca the Priestess...

You died in The Dungeons of Doom on dungeon level 9 with 1751 points,
and 189 pieces of gold, after 1854 moves.
You were level 5 with a maximum of 30 hit points when you died.

